 Dungeon Crawl Stone Soup version 0.27.1-34-g3ba077fa99 (webtiles) character file.

Game seed: 5876045199333518121

186 boopmooplesden the Covered (level 5, -2/46 HPs)
             Began as a Minotaur Fighter on Jan 1, 2022.
             Slain by Blork the orc (10 damage)
             ... on level 4 of the Dungeon.
             The game lasted 00:03:04 (2779 turns).

boopmooplesden the Covered (Minotaur Fighter)       Turns: 2779, Time: 00:03:04

Health: -2/46      AC:  7    Str: 21    XL:     5   Next: 38%
Magic:  4/4        EV:  8    Int:  5    God:
Gold:   231        SH:  9    Dex: 10    Spells: 4/4 levels left

rFire    + + .     SeeInvis .   a - +0 long sword
rCold    . . .     Faith    .   c - +0 kite shield
rNeg     . . .     Spirit   .   b - +0 scale mail
rPois    .         Reflect  .   (helmet restricted)
rElec    .         Harm     .   f - scarf {rC+ rF+}
rCorr    .         Rampage  .   (no gloves)
Will     .....                  (no boots)
Stlth    ..........             (no amulet)
HPRegen  0.15/turn              e - ring of fire
MPRegen  0.09/turn              (no ring)

@: no status effects
A: horns 2, retaliatory headbutt
a: no special abilities


You were on level 4 of the Dungeon.
You visited 1 branch of the dungeon, and saw 4 of its levels.

You collected 231 gold pieces.

Inventory:

Hand Weapons
 a - a +0 long sword (weapon)
Missiles
 i - 3 javelins (quivered)
Armour
 b - a +0 scale mail (worn)
 c - a +0 kite shield (worn)
 f - a scarf of resistance (worn)
 n - a +0 tower shield
Jewellery
 e - a ring of fire (left hand)
 m - an amulet of guardian spirit
Wands
 g - a wand of iceblast (9)
 p - a wand of paralysis (6)
Scrolls
 r - a scroll of teleportation
Potions
 d - a potion of might
 h - 2 potions of flight {unknown}
 j - a potion of curing {unknown}
 k - a potion of resistance {unknown}
 l - a potion of berserk rage {unknown}
 o - 3 potions of brilliance
 q - a potion of cancellation {unknown}


   Skills:
 + Level 4.1 Fighting
 + Level 4.6 Long Blades
 + Level 4.8 Armour
 + Level 1.2 Dodging
 + Level 4.6 Shields


You had 4 spell levels left.
You didn't know any spells.
Your spell library contained the following spells:

 Spells                   Type           Power      Damage    Failure   Level
 Stone Arrow              Conj/Erth      0%         3d7       100%        3
 Bolt of Magma            Conj/Fire/Erth 0%         4d4       100%        5
 Shatter                  Erth           0%         3d5*      100%        9


Dungeon Overview and Level Annotations

Branches:
Dungeon (4/15)
 Temple: D:4-7

Altars:
Gozag
Ru

Shops:
D:4 *

Annotations:
D:4 Blork the orc


Innate Abilities, Weirdness & Mutations

You have a pair of horns on your head.
You reflexively headbutt those who attack you in melee.


Message History

You barely miss the worm. Your headbutt misses the worm.
Blork the orc gestures wildly while chanting.
Blork the orc seems to speed up.
The worm bites you.
You hit the worm.
The worm is lightly wounded.
The worm closely misses you. You furiously retaliate!
You headbutt the worm.
You riposte.
You hit the worm. You headbutt the worm.
The worm is almost dead.
You slash the worm!
You kill the worm!
Blork the orc hits you with a +1 war axe of electrocution.
You block Blork the orc's attack.
Blork the orc gestures at you while chanting.
The puff of frost hits you.
You see here a worm corpse.
Blork the orc closely misses you. You block Blork the orc's attack.
You hit Blork the orc.
Blork the orc is moderately wounded.
Blork the orc hits you with a +1 war axe of electrocution.
Blork the orc barely misses you. You furiously retaliate!
You headbutt Blork the orc.
You riposte.
You barely miss Blork the orc.
Blork the orc is moderately wounded.
You closely miss Blork the orc.
Blork the orc is moderately wounded.
Blork the orc hits you with a +1 war axe of electrocution.
The phantom hits you but does no damage.
You block Blork the orc's attack. You block the phantom's attack.
You slash Blork the orc!
Blork the orc is severely wounded.
Blork the orc gestures at you while chanting.
The magic dart hits you. The phantom hits you.
The phantom blinks!
You blink.
The phantom hits you.
Blork the orc hits you with a +1 war axe of electrocution!
* * * LOW HITPOINT WARNING * * *
You barely miss Blork the orc. You headbutt Blork the orc.
Blork the orc is almost dead.
You block Blork the orc's attack. The phantom hits you.
* * * LOW HITPOINT WARNING * * *
Blork the orc hits you with a +1 war axe of electrocution!
You die...

########### ....## W....
...#####....## ...
#...........##
#.###............##
#...)).†..........##
##########)...............
.......###................
######..........oW........
# #..........@......... #
#.................... ##
##................... .#
#......####.##.....# .#
#......## #........# .#
#.......# #...##.#.# )##
#........ ...## .# ..#
####.#.##..... #.#
#....##..#


You could see Blork the orc (fast) and a phantom.

Vanquished Creatures
  An iguana (D:3)
  5 adders
  3 gnolls (D:4)
  2 worms
  3 dart slugs
  7 orcs
  5 endoplasms
  2 giant cockroaches
  5 hobgoblins
  5 jackals (D:2)
  5 quokkas
  6 ball pythons
  2 bats
  7 frilled lizards
  5 goblins
  6 kobolds
  3 rats
72 creatures vanquished.

Vanquished Creatures (others)
  A fungus (D:2)
  3 plants (D:2)
4 creatures vanquished.

Grand Total: 76 creatures vanquished

Notes
Turn   | Place    | Note
-------+----------+-------------------------------------------
     0 | D:1      | boopmooplesden the Minotaur Fighter began the quest for the
                  | Orb.
     0 | D:1      | Reached XP level 1. HP: 19/19 MP: 0/0
   207 | D:1      | Reached XP level 2. HP: 26/27 MP: 1/1
   793 | D:2      | Found a sacrificial altar of Ru.
   853 | D:2      | Reached XP level 3. HP: 32/33 MP: 2/2
   888 | D:2      | Found a faded altar of an unknown god.
  1638 | D:3      | Reached XP level 4. HP: 31/40 MP: 3/3
  1806 | D:3      | Reached skill level 1 in Dodging
  2664 | D:4      | Found Gozag's Platinum Reserve.
  2672 | D:4      | Reached XP level 5. HP: 46/46 MP: 4/4
  2672 | D:4      | Found an opulent altar of Gozag.
  2765 | D:4      | Noticed a phantom
  2766 | D:4      | Noticed Blork the orc
  2779 | D:4      | Slain by Blork the orc

Illustrated notes

Levels and vault maps discovered:
D:1:      lemuel_arrival_room, layout_basic, minmay_misc_feat_x
D:2:      layout_basic, basic_altar, shapermc_ecumenical_altar_mp_urbaneastern,
          corexii_hall_statues_i, minmay_misc_feat_alley
D:3:      layout_basic
D:4:      layout_rooms, nicolae_gozag_zags_fifth_avenue, uniq_blork_the_orc

Skill      XL: |  1  2  3  4 |
---------------+-------------+-----
Fighting       | 4 |  4.1
Shields        | 4 |  4.6
Armour         | 4 |  4.8
Long Blades    | 3 4 |  4.6
Dodging        | 1 |  1.2

Action                   |  1- 3 |  4- 6 || total
-------------------------+-------+-------++-------
Melee: Long sword        |   105 |    61 ||   166
       Headbutt          |    15 |    19 ||    34
Throw: Javelin           |     1 |       ||     1
Evoke: Wand              |       |     1 ||     1
  Use: Scroll            |     3 |     2 ||     5
Armor: Scale mail        |    65 |    22 ||    87
Dodge: Dodged            |    39 |    24 ||    63
Block: Kite shield       |    69 |    35 ||   104
       Rpst.: Long sword |    10 |     8 ||    18
